 Dungeon Crawl Stone Soup version 0.25.1-9-gc5326a611f (webtiles) character file.

Game seed: 9081719996089541787

2135 Descartes the Fighter (level 9, 0/81 HPs)
             Began as a Demonspawn Assassin on Dec 31, 2020.
             Killed from afar by an orc wizard (6 damage)
             ... with a puff of frost
             ... on level 6 of the Dungeon.
             The game lasted 00:14:21 (8174 turns).

Descartes the Fighter (Demonspawn Assassin)         Turns: 8174, Time: 00:14:22

Health: 0/81       AC: 17    Str: 14    XL:     9   Next: 9%
Magic:  9/9        EV:  3    Int: 13    God:
Gold:   381        SH:  0    Dex: 15    Spells: 4/8 levels left

rFire    . . .     SeeInvis .   s - +3 quarterstaff (chaos)
rCold    . . .     Gourm    .   (shield currently unavailable)
rNeg     + . .     Faith    .   r - +0 plate armour
rPois    .         Spirit   .   (no helmet)
rElec    .         Reflect  .   c - +0 cloak
rCorr    .         Harm     .   (no gloves)
MR       .....                  (no boots)
Stlth    ..........             (no amulet)
HPRegen  0.23/turn              N - ring of positive energy
MPRegen  0.11/turn              y - +4 ring of protection

@: mighty
A: yellow scales 1, demonic guardian 1
a: no special abilities


You were on level 6 of the Dungeon.
You were not hungry.

You visited 2 branches of the dungeon, and saw 7 of its levels.
You also visited: Sewer and Ossuary.

You collected 381 gold pieces.

Inventory:

Hand Weapons
 a - a +2 dagger
 g - a +1 short sword of venom
 s - a +3 quarterstaff of chaos (weapon)
 L - a +0 hand crossbow
 M - the +1 mace "Zughidoe" {drain, *Rage rElec SInv Stlth+}
   (You found it on level 5 of the Dungeon)

   A truly terrible weapon, it drains the life of those it strikes.
   It insulates you from electricity.
   It lets you see invisible.
   It may make you go berserk in combat.
   It makes you more stealthy.
 Q - a +2 halberd of freezing
Missiles
 d - 8 poisoned darts (quivered)
 e - 2 curare-tipped darts
 p - 188 stones
 q - 88 arrows
 u - 23 sling bullets
 C - 21 bolts
Armour
 c - a +0 cloak (worn)
 r - a +0 plate armour (worn)
Jewellery
 b - an uncursed ring of magical power
 y - a +4 ring of protection (right hand)
 N - a ring of positive energy (left hand)
Wands
 B - a wand of flame (6)
 O - a wand of polymorph (7)
Scrolls
 h - 6 scrolls of amnesia
 i - a scroll of random uselessness
 j - a scroll of enchant armour {unknown}
 k - 4 scrolls of remove curse
 l - a scroll of blinking {unknown}
 w - 2 scrolls of fear {unknown}
 x - 6 scrolls of teleportation
 F - a scroll of enchant weapon {unknown}
 H - a scroll of vulnerability {unknown}
 K - a scroll of brand weapon {unknown}
 P - a scroll of fog {unknown}
 T - a scroll of identify
Potions
 m - a potion of cancellation
 n - 3 potions of brilliance
 o - 3 potions of ambrosia {unknown}
 t - a potion of degeneration {unknown}
 v - 3 potions of curing {unknown}
 z - a potion of mutation {unknown}
 A - 2 potions of invisibility {unknown}
 D - 2 potions of might
 E - 3 potions of lignification {unknown}
 G - 2 potions of berserk rage {unknown}
 I - 2 potions of magic {unknown}
 J - 2 potions of haste {unknown}
 R - a potion of stabbing {unknown}
Comestibles
 f - 18 rations


   Skills:
 + Level 11.2 Fighting
 - Level 1.7 Short Blades
 - Level 1.7 Throwing
 - Level 0.8 Dodging
 - Level 3.6 Stealth
 + Level 4.5 Necromancy


You had 4 spell levels left.
You knew the following spells:

 Your Spells              Type           Power        Failure   Level  Hunger
a - Dispel Undead         Necr           ##......     100%        4    #####..

Your spell library contained the following spells:

 Spells                   Type           Power        Failure   Level  Hunger
 Summon Small Mammal      Summ           #...         100%        1    ##.....
 Call Imp                 Summ           #.......     100%        2    ###....
 Corpse Rot               Necr/Air       N/A          100%        2    ###....
 Sublimation of Blood     Necr           ##........   100%        2    ###....
 Call Canine Familiar     Summ           #.......     100%        3    ####...
 Summon Guardian Golem    Hex/Summ       #.......     100%        3    ####...
 Summon Ice Beast         Ice/Summ       #.......     100%        4    #####..
 Summon Lightning Spire   Summ/Air       #.......     100%        4    #####..
 Agony                    Necr           ##......     100%        5    ######.
 Excruciating Wounds      Chrm/Necr      #.........   100%        5    ######.


Dungeon Overview and Level Annotations

Branches:
Dungeon (6/15)             Temple (1/1) D:6           Sewer (visited)
Ossuary (visited)

Altars:
Ashenzari
Cheibriados
Dithmenos
Elyvilon
Fedhas
Hepliaklqana
Kikubaaqudgha
Makhleb
Nemelex Xobeh
Okawaru
Qazlal
Ru
Sif Muna
Trog
Uskayaw
Vehumet
Wu Jian
Xom
Yredelemnul
Zin
The Shining One

Annotations:
D:6 Duvessa


Innate Abilities, Weirdness & Mutations

You are partially covered in yellow scales. (AC +2)
A weak demonic guardian rushes to your aid.


Message History

You hear some strange, mumbled words.
A magic dart appears from out of thin air!
The magic dart hits you but does no damage.
Duvessa barely misses you. Something hits you but does no damage.
Duvessa hits you with a +0 short sword!
* * * LOW HITPOINT WARNING * * *
You thump Duvessa!
Duvessa looks as sick as possible!
Duvessa is almost dead.
Something hits you but does no damage.
You are electrocuted!
* * * LOW HITPOINT WARNING * * *
Duvessa hits you with a +0 short sword.
* * * LOW HITPOINT WARNING * * *
The orc hits you but does no damage. Something hits you but does no damage.
The orc hits you but does no damage.
Your iron imp barely misses Duvessa.
Duvessa hits you but does no damage.
All of the chunks of flesh in your inventory have rotted away.
You hear some strange, mumbled words.
A puff of frost appears from out of thin air!
The puff of frost hits you.
You die...

...............#......#.....#....
...............#......#.....#....
########.......#...)).#######....
.#..,,*#.......#...).............
.#...,*#########.................
.#....##.......#.................
.#.............#######...........
≈#######).....oeo....)...........
≈......#.....5.{@...)#........)..
#......#.......##....#...........
#......#.......###'###...........
#......#.......#....[)...........
#......#.......#.......###'###...
#......#.......#.......#.....#...
#......#########.......#.⌠.⌠.#...
#......................+..>..'...
#...............########.⌠.⌠.#...


You could see Duvessa (berserk, extremely poisoned), 2 orcs and a friendly iron
imp (summoned).

Vanquished Creatures
  Prince Ribbit (D:6)
  A hornet (D:4)
  2 orc warriors (D:6)
  A phantom (D:4)
  A bullfrog (D:6)
  Dowan (D:6)
  A wight (D:6)
  2 howler monkeys
  3 centaur zombies
  3 crimson imps
  4 hounds
  2 worker ants
  Ijyb (D:3)
  An iguana (D:5)
  An orc wizard (D:4)
  4 ogre zombies (Ossuary)
  7 mummies (Ossuary)
  A howler monkey zombie (D:6)
  2 worker ant zombies
  4 gnolls
  7 adders
  2 river rats (D:6)
  A shadow imp (D:5)
  2 oozes
  An adder skeleton (D:4)
  An adder zombie (Ossuary)
  4 worms
  A dart slug (D:1)
  4 leopard geckos
  9 orcs
  4 ball pythons
  3 giant cockroaches
  A gnoll zombie (Ossuary)
  5 goblins
  6 hobgoblins
  9 jackals
  9 kobolds
  2 quokkas
  6 bats
  3 goblin zombies (Ossuary)
  5 hobgoblin zombies (Ossuary)
  A kobold zombie (Ossuary)
  2 orc zombies (Ossuary)
  6 quokka zombies (Ossuary)
  8 rats
  5 rat zombies (Ossuary)
  2 fungi (D:3)
152 creatures vanquished.

Vanquished Creatures (collateral kills)
  A dream sheep (shapeshifter) (D:4)
  A sky beast (D:4)
  A phantom (D:6)
  An ogre (D:4)
  A crocodile (Sewer)
  2 wights (D:6)
  Crazy Yiuf (D:3)
  An orc priest (D:3)
  An orc wizard (D:6)
  An adder (D:4)
  4 orcs
15 creatures vanquished.

Vanquished Creatures (others)
  A quokka zombie (Ossuary)
1 creature vanquished.

Grand Total: 168 creatures vanquished

Notes
Turn   | Place    | Note
-------+----------+-------------------------------------------
     0 | D:1      | Descartes the Demonspawn Assassin began the quest for the
                  | Orb.
     0 | D:1      | Reached XP level 1. HP: 16/16 MP: 1/1
   412 | D:1      | Gained mutation: A weak demonic guardian rushes to your
                  | aid. [demonic ancestry]
   412 | D:1      | Reached XP level 2. HP: 21/23 MP: 2/2
  1069 | D:1      | Reached skill level 3 in Fighting
  1637 | D:2      | Reached XP level 3. HP: 21/30 MP: 3/3
  1970 | D:2      | Found a shadowy altar of Dithmenos.
  1995 | D:2      | Reached skill level 4 in Fighting
  2361 | D:2      | Gained mutation: You are partially covered in yellow
                  | scales. (AC +2) [demonic ancestry]
  2361 | D:2      | Reached XP level 4. HP: 37/38 MP: 4/4
  3020 | D:3      | Reached skill level 5 in Fighting
  3194 | D:3      | Noticed Ijyb
  3247 | D:3      | Killed Ijyb
  3247 | D:3      | Reached XP level 5. HP: 6/44 MP: 5/5
  3932 | D:3      | Found a runed translucent door.
  3933 | D:3      | Noticed Crazy Yiuf
  3941 | D:3      | Killed Crazy Yiuf
  3984 | D:4      | Noticed an ogre
  3990 | D:4      | Killed an ogre
  3990 | D:4      | Reached skill level 6 in Fighting
  4236 | D:4      | Noticed a hornet
  4242 | D:4      | Killed a hornet
  4242 | D:4      | Reached skill level 7 in Fighting
  4242 | D:4      | Reached XP level 6. HP: 37/55 MP: 6/6
  4393 | D:4      | Noticed a sky beast
  4406 | D:4      | Noticed a glowing shapeshifter
  4406 | D:4      | a hound changed into a glowing shapeshifter
  4406 | D:4      | Noticed a dream sheep
  4406 | D:4      | a glowing shapeshifter changed into a dream sheep
  4406 | D:4      | Killed a sky beast
  4409 | D:4      | Killed a dream sheep
  4409 | D:4      | Reached skill level 8 in Fighting
  4409 | D:4      | Reached XP level 7. HP: 38/62 MP: 7/7
  5005 | D:5      | Entered Level 5 of the Dungeon
  5006 | D:5      | Found a basalt altar of Yredelemnul.
  5037 | D:5      | Found a sand-covered staircase.
  5062 | Ossuary  | Entered an ossuary
  5084 | Ossuary  | Reached skill level 9 in Fighting
  5322 | Ossuary  | Reached XP level 8. HP: 69/71 MP: 8/8
  5783 | D:5      | Found a bloodstained altar of Trog.
  5926 | D:5      | Got a twisted mace
  5927 | D:5      | Identified the cursed +1 mace "Zughidoe" {drain, *Rage
                  | rElec SInv Stlth+} (You found it on level 5 of the Dungeon)
  6429 | D:6      | Reached skill level 10 in Fighting
  6511 | D:6      | Found a glowing drain.
  6545 | Sewer    | Entered a sewer
  6805 | D:6      | Learned a level 4 spell: Dispel Undead
  6829 | D:6      | Reached skill level 1 in Necromancy
  7144 | D:6      | Found a staircase to the Ecumenical Temple.
  7150 | Temple   | Entered the Ecumenical Temple
  7465 | D:6      | Noticed Prince Ribbit
  7483 | D:6      | Killed Prince Ribbit
  7483 | D:6      | Reached skill level 11 in Fighting
  7780 | D:6      | Reached XP level 9. HP: 79/81 MP: 9/9
  8151 | D:6      | Noticed Dowan
  8152 | D:6      | Noticed Duvessa
  8157 | D:6      | Killed Dowan
  8174 | D:6      | Killed from afar by an orc wizard

Illustrated notes

Levels and vault maps discovered:
D:1:      eino_arrival_cavern_b, layout_basic, minmay_misc_feat_enclosed
D:2:      layout_basic, nicolae_dithmenos_shadow_blocks, first_ration,
          minmay_heptomino_l4
D:3:      layout_basic, mrwooster_statue_mirror, uniq_crazy_yiuf_cottage,
          uniq_ijyb
D:4:      layout_gridville
D:5:      layout_loops_ring, yredelemnul_altar_generic, lightli_temple_of_fire,
          enter_ossuary_3
D:6:      layout_gridville, minmay_temple_entry_hall, portal_sewer_entry_b,
          moated_statue, minmay_misc_feat_rugged, uniq_duvessa,
          uniq_prince_ribbit1
Temple:   regret_index_temple_mists

Skill      XL: |  1  2  3  4  5  6  7  8 |
---------------+-------------------------+-----
Fighting       | 3 4 5 7 8 9 11 | 11.2
Necromancy     | 4 |  4.5
Short Blades   | |  1.7
Throwing       | |  1.7
Dodging        | |  0.8
Stealth        | |  3.6

Action                   |  1- 3 |  4- 6 |  7- 9 || total
-------------------------+-------+-------+-------++-------
Melee: Dagger            |   143 |   191 |       ||   334
       Quarterstaff      |       |    36 |   302 ||   338
       Mace              |       |       |    24 ||    24
  Use: Scroll            |     2 |     1 |     5 ||     8
       Potion            |       |       |     1 ||     1
 Stab: Sleeping          |     2 |       |       ||     2
       Petrifying        |       |       |     2 ||     2
       Distracted        |       |       |     1 ||     1
       Petrified         |       |       |     1 ||     1
  Eat: Chunk             |     5 |     5 |    11 ||    21
       Ration            |       |       |     1 ||     1
Armor: Robe              |     6 |       |       ||     6
       Chain mail        |    94 |     1 |       ||    95
       Plate armour      |       |   172 |   288 ||   460
Dodge: Dodged            |    38 |    19 |    51 ||   108
